 Dungeon Sprint DCSS version 0.27-a0-808-g60bc5d92e6 (webtiles) character file.

Game seed: 11744581990708475345

987 mhtbhm the Basher (level 7, -2/81 HPs)
             Began as a Troll Berserker on Mar 29, 2021.
             Was a High Priest of Trog.
             Slain by a yak (8 damage)
             ... in the Dungeon (Sprint IX: "|||||||||||||||||||||||||||||").
             The game lasted 00:00:42 (254 turns).

mhtbhm the Basher (Troll Berserker)                  Turns: 254, Time: 00:00:42

Health: -2/81      AC:  5    Str: 28    XL:     7   Next: 97%
Magic:  6/6        EV: 15    Int:  3    God:    Trog [*****.]
Gold:   0          SH:  0    Dex: 12    Spells: 6/6 levels left

rFire    . . .     SeeInvis .   a - +2 dire flail (vorpal)
rCold    . . .     Faith    .   (shield currently unavailable)
rNeg     . . .     Spirit   .   b - +0 animal skin
rPois    .         Reflect  .   (helmet restricted)
rElec    .         Harm     .   k - +0 cloak
rCorr    .         Rampage  .   (gloves unavailable)
Will     .....     NoTele   +   (boots unavailable)
Stlth    +.........             (no amulet)
HPRegen  1.23/turn              l - +3 ring of dexterity
MPRegen  0.10/turn              m - +2 ring of evasion

@: berserk cooldown, slowed, very slow
A: large, unfitting armour, claws 3, regeneration 1, shaggy fur 1, tough skin 1
a: Renounce Religion, Berserk, Trog's Hand, Brothers in Arms


You were in the Dungeon.
You worshipped Trog.
Trog was extremely pleased with you.
You visited 1 branch

Inventory:

Hand Weapons
 a - a +2 vorpal dire flail (weapon)
Armour
 b - a +0 animal skin (worn)
 k - a +0 cloak (worn)
Jewellery
 l - a +3 ring of dexterity (left claw)
 m - a +2 ring of evasion (right claw)
Wands
 j - a wand of iceblast (10)
Scrolls
 h - 2 scrolls of blinking
Potions
 c - 5 potions of curing
 d - 3 potions of heal wounds
 e - a potion of haste
 f - 4 potions of magic
 g - a potion of berserk rage
 i - a potion of invisibility


   Skills:
 + Level 8.5 Fighting
 + Level 10.1 Maces & Flails
 + Level 8.8 Dodging
 + Level 0.2 Stealth


You had 6 spell levels left.
You didn't know any spells.
Your spell library was empty.

Dungeon Overview and Level Annotations

Branches:
Dungeon (1/1)

Altars:
Cheibriados
Dithmenos
Elyvilon
Fedhas
Gozag
Hepliaklqana
Kikubaaqudgha
Makhleb
Nemelex Xobeh
Okawaru
Qazlal
Ru
Sif Muna
Trog
Uskayaw
Vehumet
Wu Jian
Xom
Yredelemnul
Zin
The Shining One
Beogh
Jiyva
Lugonu


Innate Abilities, Weirdness & Mutations

You are too large for most types of armour.
You have claws for hands.
Your natural rate of healing is unusually fast.
You are covered in fur. (AC +1)
You have tough skin. (AC +1)


Message History

The gargoyle hurls a stone arrow at you.
The stone arrow hits you!!
Things that are here:
a +1 shortbow of freezing; 26 arrows; a centaur corpse You barely miss the gargoyle.
The gargoyle hits you with a +0 mace!
You barely miss the gargoyle. The gargoyle hits you with a +0 mace!!
You are too injured to fight recklessly!
You are too injured to fight recklessly!
You are too injured to fight recklessly!
You are too injured to fight recklessly!
You are too injured to fight recklessly!
You are too injured to fight recklessly!
You are too injured to fight recklessly!
You are too injured to fight recklessly!
You are too injured to fight recklessly!
You are too injured to fight recklessly!
You are too injured to fight recklessly!
You are too injured to fight recklessly!
You barely miss the gargoyle. You hit the gargoyle but do no damage.
The gargoyle hits you with a +0 mace!!
* * * LOW HITPOINT WARNING * * *
You sock the gargoyle!
The gargoyle is severely damaged.
You are no longer berserk.
You are exhausted.
You feel yourself slow down.
You hit the gargoyle.
The gargoyle is almost destroyed.
The gargoyle closely misses you. The gargoyle hits you with a +0 mace!
* * * LOW HITPOINT WARNING * * *
You sock the gargoyle!
You destroy the gargoyle!
Trog accepts your kill.
Trog will now gift you melee weapons as you gain piety.
Your Fighting skill increases to level 8!
Your Maces & Flails skill increases to level 10!
You sock the yak!
The yak is heavily wounded.
The yak gores you!
You die...

▓)▓
▓.▓
▓.▓
▓[▓
▓[▓
▓.▓
▓.▓
▓†▓
▓@▓
▓Y▓
▓.▓
▓.▓
▓.▓
▓.▓
▓+▓


You could see a yak.

Vanquished Creatures
  A gargoyle (D)
  2 yaks (D)
  A black bear (D)
  A necrophage (D)
  A centaur (D)
  A scorpion (D)
  A killer bee (D)
  A hound (D)
  An adder skeleton (D)
  An endoplasm (D)
  2 giant cockroaches (D)
  A hobgoblin (D)
  A rat (D)
15 creatures vanquished.

Notes
Turn   | Place    | Note
-------+----------+-------------------------------------------
     0 | D        | mhtbhm the Troll Berserker began the quest for the Orb.
     0 | D        | Reached XP level 1. HP: 22/22 MP: 0/0
    14 | D        | Reached skill level 3 in Maces & Flails
    15 | D        | Reached ** piety under Trog
   125 | D        | Noticed a necrophage
   125 | D        | Noticed a hound
   125 | D        | Noticed a black bear
   125 | D        | Noticed a scorpion
   137 | D        | Killed a necrophage
   138 | D        | Reached skill level 5 in Maces & Flails
   138 | D        | Reached XP level 2. HP: 33/33 MP: 1/1
   138 | D        | Reached XP level 3. HP: 40/40 MP: 2/2
   138 | D        | Reached XP level 4. HP: 49/49 MP: 3/3
   139 | D        | Reached *** piety under Trog
   140 | D        | Reached skill level 5 in Fighting
   140 | D        | Reached skill level 5 in Dodging
   144 | D        | Killed a black bear
   145 | D        | Reached skill level 6 in Maces & Flails
   145 | D        | Reached XP level 5. HP: 59/59 MP: 4/4
   151 | D        | Reached skill level 7 in Maces & Flails
   158 | D        | Reached XP level 6. HP: 57/68 MP: 5/5
   180 | D        | Found a snail-covered altar of Cheibriados.
   180 | D        | Found a shadowy altar of Dithmenos.
   180 | D        | Found a white marble altar of Elyvilon.
   180 | D        | Found a blossoming altar of Fedhas.
   180 | D        | Found an opulent altar of Gozag.
   181 | D        | Found a hazy altar of Hepliaklqana.
   182 | D        | Found a viscous altar of Jiyva.
   183 | D        | Found an ancient bone altar of Kikubaaqudgha.
   184 | D        | Found a corrupted altar of Lugonu.
   185 | D        | Found a burning altar of Makhleb.
   186 | D        | Found a sparkling altar of Nemelex Xobeh.
   187 | D        | Found an iron altar of Okawaru.
   188 | D        | Found a stormy altar of Qazlal.
   189 | D        | Found a sacrificial altar of Ru.
   190 | D        | Found a shimmering blue altar of Sif Muna.
   191 | D        | Found a bloodstained altar of Trog.
   192 | D        | Found a hide-covered altar of Uskayaw.
   193 | D        | Found a radiant altar of Vehumet.
   194 | D        | Found an ornate altar of the Wu Jian Council.
   195 | D        | Found a shimmering altar of Xom.
   196 | D        | Found a basalt altar of Yredelemnul.
   197 | D        | Found a glowing silver altar of Zin.
   198 | D        | Found a glowing golden altar of the Shining One.
   233 | D        | Noticed a yak
   233 | D        | Noticed a yak
   233 | D        | Noticed a gargoyle
   233 | D        | Noticed a yak
   237 | D        | Killed a yak
   237 | D        | Reached **** piety under Trog
   238 | D        | Reached skill level 8 in Maces & Flails
   241 | D        | Killed a yak
   242 | D        | Reached XP level 7. HP: 78/78 MP: 6/6
   243 | D        | Reached skill level 9 in Maces & Flails
   252 | D        | HP: 3/79 [gargoyle/+0 mace (17)]
   253 | D        | Killed a gargoyle
   253 | D        | Reached ***** piety under Trog
   254 | D        | Reached skill level 10 in Maces & Flails
   254 | D        | Slain by a yak

Illustrated notes

Levels and vault maps discovered:
D:        linesprint [early_d, line_temple, items_1, d_10, items_2, lair_1,
          lair_end, items_3, orc_1, orc_end, items_4, d_15, swamp_1, shoals_1,
          snake_1, spider_1, d_20, vaults_1, items_5, swamp_end, shoals_end,
          snake_end, spider_end, vaults_end, d_27, items_6, zot_1, zot_end,
          crypt_end, forest_end, elf_end, slime_end, tomb_end, abyss_end,
          pan_hell_end]

Skill      XL: |  1  2  3  4  5  6  7 |
---------------+----------------------+-----
Maces & Flails | 5 6 7 8 10 | 10.1
Fighting       | 4 6 7 8 |  8.5
Dodging        | 4 6 7 8 |  8.8
Stealth        | |  0.2

Action                   |  1- 3 |  4- 6 |  7- 9 || total
-------------------------+-------+-------+-------++-------
Melee: Mace              |    26 |    20 |       ||    46
       Dire flail        |       |     7 |    11 ||    18
Invok: Berserk           |     1 |     1 |       ||     2
Armor: Animal skin       |     8 |     7 |       ||    15
Dodge: Dodged            |     9 |    11 |     3 ||    23

Table legend: (Time is in decaauts)
 A = Elapsed time spent in this place.
 B = Non-inter-level travel time spent in this place.
 C = Inter-level travel time spent in this place.
 D = Time resting spent in this place.
 E = Time spent auto-exploring this place.
 F = Levels seen in this place.
 G = Mean time per level.
                   A        B        C        D        E       F      G
               +--------+--------+--------+--------+--------+-----+--------+
         Total |    259 |    259 |      0 |    124 |      9 |   1 |  259.0 |
       Dungeon |    259 |    259 |      0 |    124 |      9 |   1 |  259.0 |
               +--------+--------+--------+--------+--------+-----+--------+

Top non-repeatable levels by time:
       D: 259 daAuts
